 Dungeon Crawl Stone Soup version 0.30.0-15-g856e2d3f33 (webtiles) character file.

Game seed: 1233385220874967060

107 croobank the Trooper (level 4, 0/41 HPs)
             Began as a Minotaur Fighter on May 18, 2023.
             Killed from afar by an orc wizard (4 damage)
             ... with a magic dart
             ... on level 3 of the Dungeon.
             The game lasted 00:03:13 (1349 turns).

croobank the Trooper (Minotaur Fighter)             Turns: 1349, Time: 00:03:13

Health: 0/41       AC:  7    Str: 23    XL:     4   Next: 57%
Magic:  3/3        EV:  9    Int:  5    God:
Gold:   116        SH:  4    Dex:  9    Spells: 1/3 levels left

rFire   . . .        a - +0 war axe
rCold   . . .        c - +0 buckler
rNeg    . . .        b - +0 scale mail
rPois   .            (helmet restricted)
rElec   .            (no cloak)
rCorr   .            (no gloves)
SInv    .            (no boots)
Will    .....        (no amulet) Stlth
                     (no ring)
HPRegen 0.26/turn    (no ring)
MPRegen 0.08/turn

%: no passive effects
@: mighty
A: horns 2, retaliatory headbutt
a: no special abilities


You were on level 3 of the Dungeon.
You visited 1 branch of the dungeon, and saw 3 of its levels.

You collected 116 gold pieces.

Inventory:

Hand Weapons
 a - a +0 war axe (weapon)
 e - a +0 hand axe of flaming
 k - a +0 long sword
Armour
 b - a +0 scale mail (worn)
 c - a +0 buckler (worn)
 g - a +0 chain mail
Scrolls
 f - 4 scrolls of teleportation
 j - 2 scrolls of identify
Potions
 d - 2 potions of might
 h - a potion of brilliance
 i - 2 potions of flight


   Skills:
 + Level 4.5 Fighting
 + Level 3.5 Axes
 + Level 4.4 Armour
 + Level 4.5 Shields


You had one spell level left.
You knew the following spells:

 Your Spells              Type           Power      Damage    Failure   Level
a - Blink                 Tloc           0%         N/A       93%         2

Your spell library contained the following spells:

 Spells                   Type           Power      Damage    Failure   Level
 Lesser Beckoning         Tloc           0%         N/A       93%         2
 Momentum Strike          Conj/Tloc      0%         3d8       93%         2


Dungeon Overview and Level Annotations

Branches:
Dungeon (3/15)

Altars:


Innate Abilities, Weirdness & Mutations

You have a pair of horns on your head.
You reflexively headbutt those who attack you in melee.


Message History

You miss something. You barely miss the bat.
You feel sick. The bat misses you. Something hits you but does no damage.
You hit something but do no damage.
You feel sick. The bat hits you but does no damage.
You hear some strange, mumbled words.
You are confused.
You closely miss something. Your headbutt misses something.
You feel sick. The bat barely misses you. Something hits you.
* * * LOW HITPOINT WARNING * * *
You hear some strange, mumbled words.
A magic dart appears from out of thin air!
The magic dart hits you.
* * * LOW HITPOINT WARNING * * *
You miss something.
You feel sick.
You are no longer poisoned.
The bat hits you but does no damage. Something hits you but does no damage.
The bat barely misses you.
Okay, then.
You are too confused!
Okay, then.
You bump into the rock wall.
Something hits you but does no damage. The bat hits you but does no damage.
You barely miss something. Your headbutt misses something. You slash the bat!
You kill the bat!
Something hits you.
* * * LOW HITPOINT WARNING * * *
You hear some strange, mumbled words.
A puff of flame appears from out of thin air!
The puff of flame misses you.
You feel very mighty all of a sudden.
You feel less confused. Something hits you but does no damage.
You closely miss something. Your headbutt misses something.
Something hits you but does no damage.
You closely miss something. Your headbutt misses something.
Something completely misses you.
You miss something.
You hear some strange, mumbled words.
A magic dart appears from out of thin air!
The magic dart hits you.
You die...

..# #.# ###.# #.#
.##.# #.# .##.# #.#
.##.# #o# .##.# #{#
.##.# #@# <##.# #†#
.##.# #.#
....############.#####
###...........>...>..#
##############.###.#
.... ##..... ####..#


You could see an orc.

Vanquished Creatures
  Natasha (D:2)
  An orc wizard (D:3)
  Robin (D:2)
  An adder (D:2)
  A worm (D:2)
  2 dart slugs
  An orc (D:3)
  A ball python (D:2)
  4 giant cockroaches
  9 goblins
  3 hobgoblins (D:2)
  3 jackals (D:2)
  A quokka (D:2)
  5 bats
  3 frilled lizards
  5 kobolds
  A rat (D:2)
43 creatures vanquished.

Notes
Turn   | Place    | Note
-------+----------+-------------------------------------------
     0 | D:1      | croobank the Minotaur Fighter began the quest for the Orb.
     0 | D:1      | Reached XP level 1. HP: 19/19 MP: 0/0
   292 | D:1      | Reached XP level 2. HP: 27/27 MP: 1/1
   759 | D:2      | Noticed Natasha
   765 | D:2      | Reached XP level 3. HP: 29/33 MP: 2/2
   768 | D:2      | Killed Natasha
   828 | D:2      | Learned a level 2 spell: Blink
   887 | D:2      | Noticed Robin
   906 | D:2      | Killed Robin
   907 | D:2      | Reached XP level 4. HP: 23/41 MP: 3/3
  1349 | D:3      | Killed from afar by an orc wizard

Illustrated notes

Levels and vault maps discovered:
D:1:      lightli_arrival_statuegarden, layout_basic
D:2:      layout_basic, hangedman_decor_push, uniq_robin, uniq_natasha
D:3:      layout_loops_ring, ebering_ghost_reflecting_pool

Skill      XL: |  1  2 |
---------------+-------+-----
Fighting       | 4 |  4.5
Armour         | 4 |  4.4
Shields        | 4 |  4.5
Axes           | 3 |  3.5

Action                     |  1- 3 |  4- 6 || total
---------------------------+-------+-------++-------
  Melee: War axe           |    65 |    34 ||    99
         Headbutt          |     5 |     2 ||     7
    Use: Scroll            |       |     6 ||     6
         Potion            |       |     1 ||     1
 Armour: Scale mail        |    43 |    19 ||    62
  Dodge: Dodged            |    28 |    13 ||    41
  Block: Buckler           |    25 |     9 ||    34
